| TOP OF THE 1ST |
|
San Diego Padres batting - Pitching for Cincinnati Reds : LHP Doug Rau
|
|
Pitching: LHP Doug Rau
|
|
|
Batting: RHB Bob Dernier
|
0-0: Ball 1-0: Ground out 6-3 (Groundball, 6, EV 80.6 MPH)
|
|
Batting: LHB Jerry McDonald
|
0-0: Called Strike 0-1: Ball 1-1: Called Strike 1-2: Foul Ball, location: 2F 1-2: Fly out, F8 (Line Drive, 8RD, EV 92.5 MPH)
|
|
Batting: RHB Dennis Dungy
|
0-0: Ball 1-0: Called Strike 1-1: Swinging Strike 1-2: Foul Ball, location: 2F 1-2: Strikes out swinging
|
| Top of the 1st over - 0 runs, 0 hits, 0 errors, 0 left on base; San Diego 0 - Cincinnati 0 |
| BOTTOM OF THE 1ST |
|
Cincinnati Reds batting - Pitching for San Diego Padres : RHP Brian Allard
|
|
Pitching: RHP Brian Allard
|
|
|
Batting: RHB Gary Matthews
|
0-0: Ball 1-0: Called Strike 1-1: Foul Ball, location: 2F 1-2: Ground out 5-3 (Groundball, 56S, EV 66.3 MPH)
|
|
Batting: LHB Joseph Talley
|
0-0: Ball 1-0: Ball 2-0: Called Strike 2-1: Ball 3-1: Foul Ball, location: 2F 3-2: Foul Ball, location: 2F 3-2: Fly out, F4 (Flyball, 4MD, EV 89.4 MPH)
|
|
Batting: LHB Mike Easler
|
0-0: Ball 1-0: Foul Ball, location: 2F 1-1: Ball 2-1: Foul Ball, location: 2F 2-2: Strikes out looking
|
| Bottom of the 1st over - 0 runs, 0 hits, 0 errors, 0 left on base; San Diego 0 - Cincinnati 0 |
| TOP OF THE 2ND |
|
San Diego Padres batting - Pitching for Cincinnati Reds : LHP Doug Rau
|
|
Batting: RHB Heriberto Soltero
|
0-0: Fly out, F9 (Flyball, 89D, EV 82.5 MPH)
|
|
Batting: LHB Tom Dunbar
|
0-0: Ball 1-0: Called Strike 1-1: Foul Ball, location: 2F 1-2: Foul Ball, location: 2F 1-2: Ball 2-2: Ball 3-2: Fly out, F9 (Line Drive, 9, EV 88.1 MPH)
|
|
Batting: RHB Nicky Richards
|
0-0: Called Strike 0-1: Foul Ball, location: 2F 0-2: Strikes out swinging
|
| Top of the 2nd over - 0 runs, 0 hits, 0 errors, 0 left on base; San Diego 0 - Cincinnati 0 |
| BOTTOM OF THE 2ND |
|
Cincinnati Reds batting - Pitching for San Diego Padres : RHP Brian Allard
|
|
Batting: LHB Darrell Evans
|
0-0: Ball 1-0: Reached via error on a dropped throw from P, E3 (Groundball, P, EV 67.5 MPH)
|
|
Batting: RHB Jim Anderson
|
0-0: Ball 1-0: Called Strike 1-1: Ball 2-1: Swinging Strike 2-2: Fly out, F9 (Flyball, 89XD, EV 85.6 MPH)
|
|
Batting: RHB Jesus Alfaro
|
0-0: Foul Ball, location: 2F 0-1: Grounds into double play, 6-4-3 (Groundball, 6, EV 83.8 MPH)
|
| Bottom of the 2nd over - 0 runs, 0 hits, 1 error, 0 left on base; San Diego 0 - Cincinnati 0 |
| TOP OF THE 3RD |
|
San Diego Padres batting - Pitching for Cincinnati Reds : LHP Doug Rau
|
|
Batting: RHB Mike Calise
|
0-0: Swinging Strike 0-1: Ball 1-1: Swinging Strike 1-2: Strikes out looking
|
|
Batting: LHB Jeffrey Zitek
|
0-0: Foul Ball, location: 2F 0-1: Fly out, F4 (Popup, 4MD, EV 71.9 MPH)
|
|
Batting: RHB Brian Allard
|
0-0: Ball 1-0: Ball 2-0: Called Strike 2-1: SINGLE (Line Drive, 3D, EV 100.0 MPH)
|
|
Batting: RHB Bob Dernier
|
0-0: Called Strike 0-1: Ball 1-1: Foul Ball, location: 2F 1-2: Ground out 4-3 (Groundball, 34, EV 88.8 MPH)
|
| Top of the 3rd over - 0 runs, 1 hit, 0 errors, 1 left on base; San Diego 0 - Cincinnati 0 |
| BOTTOM OF THE 3RD |
|
Cincinnati Reds batting - Pitching for San Diego Padres : RHP Brian Allard
|
|
Batting: RHB Tracy Cowger
|
0-0: Ball 1-0: Ball 2-0: Ball 3-0: Called Strike 3-1: Base on Balls
|
|
Batting: RHB Ramon Borrero
|
0-0: Ball 1-0: Ball 2-0: Fly out, F3 (Popup, 3SF, EV 84.4 MPH)
|
|
Batting: LHB Doug Rau
|
0-0: Sac Bunt to 25 - play at first, batter OUT! 5-4 Tracy Cowger to second
|
|
Batting: RHB Gary Matthews
|
0-0: Ball 1-0: Ball 2-0: Swinging Strike 2-1: Ball 3-1: Foul Ball, location: 2F 3-2: Fly out, F8 (Flyball, 8LXD, EV 100.6 MPH)
|
| Bottom of the 3rd over - 0 runs, 0 hits, 0 errors, 1 left on base; San Diego 0 - Cincinnati 0 |
| TOP OF THE 4TH |
|
San Diego Padres batting - Pitching for Cincinnati Reds : LHP Doug Rau
|
|
Batting: LHB Jerry McDonald
|
0-0: Called Strike 0-1: Ball 1-1: Foul Ball, location: 2F 1-2: Ball 2-2: Foul Ball, location: 2F 2-2: Foul Ball, location: 2F 2-2: Foul Ball, location: 2F 2-2: Fly out, F7 (Flyball, 7, EV 82.5 MPH)
|
|
Batting: RHB Dennis Dungy
|
0-0: Ball 1-0: Swinging Strike 1-1: Foul Ball, location: 2F 1-2: Ball 2-2: Foul Ball, location: 2F 2-2: Foul Ball, location: 2F 2-2: Fly out, F7 (Flyball, 78D, EV 99.4 MPH)
|
|
Batting: RHB Heriberto Soltero
|
0-0: Swinging Strike 0-1: Fly out, F8 (Flyball, 8RD, EV 101.9 MPH)
|
| Top of the 4th over - 0 runs, 0 hits, 0 errors, 0 left on base; San Diego 0 - Cincinnati 0 |
| BOTTOM OF THE 4TH |
|
Cincinnati Reds batting - Pitching for San Diego Padres : RHP Brian Allard
|
|
Batting: LHB Joseph Talley
|
0-0: TRIPLE (Groundball, 5L, EV 101.9 MPH)
|
|
Batting: LHB Mike Easler
|
0-0: Ball 1-0: Ball 2-0: Called Strike 2-1: Ball 3-1: Called Strike 3-2: Foul Ball, location: 2F 3-2: SINGLE (Line Drive, 89S, EV 88.1 MPH) Joseph Talley scores
|
|
Batting: LHB Darrell Evans
|
0-0: Ball 1-0: Ball 2-0: Foul Ball, location: 2F 2-1: Called Strike 2-2: Strikes out swinging
|
|
Batting: RHB Jim Anderson
|
0-0: Ball 1-0: Called Strike 1-1: Foul Ball, location: 2F 1-2: Ball 2-2: Ball 3-2: Grounds into double play, 6-4-3 (Groundball, 6, EV 99.4 MPH)
|
| Bottom of the 4th over - 1 run, 2 hits, 0 errors, 0 left on base; San Diego 0 - Cincinnati 1 |
| TOP OF THE 5TH |
|
San Diego Padres batting - Pitching for Cincinnati Reds : LHP Doug Rau
|
|
Batting: LHB Tom Dunbar
|
0-0: Ball 1-0: Called Strike 1-1: Swinging Strike 1-2: Foul Ball, location: 2F 1-2: Fly out, F9 (Flyball, 89M, EV 83.1 MPH)
|
|
Batting: RHB Nicky Richards
|
0-0: Ball 1-0: Swinging Strike 1-1: Swinging Strike 1-2: Ball 2-2: Foul Ball, location: 2F 2-2: Foul Ball, location: 2F 2-2: Strikes out swinging, 2-3 out at first.
|
|
Batting: RHB Mike Calise
|
0-0: Ball 1-0: Called Strike 1-1: Ball 2-1: SINGLE (Groundball, 56D, EV 98.1 MPH)
|
|
Batting: LHB Jeffrey Zitek
|
0-0: Called Strike 0-1: Ball 1-1: Ball 2-1: 2-RUN HOME RUN (Flyball, 89XD, EV 111.9 MPH), Distance : 425 ft
|
|
Batting: RHB Brian Allard
|
0-0: Foul Ball, location: 2F 0-1: Fly out, F5 (Popup, 5SF, EV 67.5 MPH)
|
| Top of the 5th over - 2 runs, 2 hits, 0 errors, 0 left on base; San Diego 2 - Cincinnati 1 |
| BOTTOM OF THE 5TH |
|
Cincinnati Reds batting - Pitching for San Diego Padres : RHP Brian Allard
|
|
Batting: RHB Jesus Alfaro
|
0-0: Ball 1-0: Ball 2-0: Ball 3-0: Called Strike 3-1: Ground out 6-3 (Groundball, 6, EV 97.5 MPH)
|
|
Batting: RHB Tracy Cowger
|
0-0: Ball 1-0: Ball 2-0: Called Strike 2-1: Ball 3-1: Foul Ball, location: 2F 3-2: SINGLE (Line Drive, 6D, EV 99.4 MPH)
|
|
Batting: RHB Ramon Borrero
|
0-0: Called Strike 0-1: SINGLE (Flyball, 3D, EV 90.6 MPH) Tracy Cowger to second Runner from 2nd tries for 3rd, SAFE, throw by RF made to third
|
|
Batting: LHB Doug Rau
|
0-0: Called Strike 0-1: SINGLE (Line Drive, 7LS, EV 95.0 MPH) Tracy Cowger scores Ramon Borrero to second
|
|
Batting: RHB Gary Matthews
|
0-0: Swinging Strike 0-1: Ball Ramon Borrero steals 3rd base 1-1: Swinging Strike 1-2: Foul Ball, location: 2F 1-2: Ball 2-2: Ball 3-2: SINGLE (Groundball, 3L, EV 98.1 MPH) Ramon Borrero scores Doug Rau to second Runner from 2nd tries for 3rd, SAFE, no throw by RF
|
|
Batting: LHB Joseph Talley
|
0-0: Ball 1-0: Swinging Strike 1-1: Called Strike 1-2: Foul Ball, location: 2F 1-2: Foul Ball, location: 2F 1-2: Strikes out swinging
|
|
Batting: LHB Mike Easler
|
0-0: Ball 1-0: Called Strike 1-1: Ball 2-1: Fly out, F6 (Flyball, 6D, EV 85.0 MPH)
|
| Bottom of the 5th over - 2 runs, 4 hits, 0 errors, 2 left on base; San Diego 2 - Cincinnati 3 |
| TOP OF THE 6TH |
|
San Diego Padres batting - Pitching for Cincinnati Reds : LHP Doug Rau
|
|
Batting: RHB Bob Dernier
|
0-0: Ball 1-0: Ball 2-0: Called Strike 2-1: Swinging Strike 2-2: SINGLE (Line Drive, 89S, EV 87.5 MPH)
|
|
Batting: LHB Jerry McDonald
|
0-0: Ball 1-0: Sac Bunt to 15S - play at first, batter OUT! 1-3 Bob Dernier to second
|
|
Batting: RHB Dennis Dungy
|
0-0: Fly out, F7 (Flyball, 78D, EV 85.6 MPH) Runner from 2nd tags up, SAFE at 3rd with throw by LF
|
|
Batting: RHB Heriberto Soltero
|
0-0: Called Strike 0-1: Swinging Strike 0-2: Foul Ball, location: 2F 0-2: Foul Ball, location: 2F 0-2: Foul Ball, location: 2F 0-2: Ball 1-2: Foul Ball, location: 2F 1-2: Ball 2-2: SINGLE (Line Drive, 34D, EV 107.5 MPH) Bob Dernier scores
|
|
Batting: LHB Tom Dunbar
|
0-0: Called Strike 0-1: Foul Ball, location: 2F 0-2: Ball 1-2: Foul Ball, location: 2F 1-2: Foul Ball, location: 2F 1-2: Strikes out swinging
|
| Top of the 6th over - 1 run, 2 hits, 0 errors, 1 left on base; San Diego 3 - Cincinnati 3 |
| BOTTOM OF THE 6TH |
|
Cincinnati Reds batting - Pitching for San Diego Padres : RHP Brian Allard
|
|
Batting: LHB Darrell Evans
|
0-0: Foul Ball, location: 2F 0-1: SINGLE (Groundball, 4D, EV 107.5 MPH)
|
|
Batting: RHB Jim Anderson
|
0-0: Ball 1-0: Ball 2-0: Called Strike 2-1: Ball 3-1: Base on Balls Darrell Evans to second
|
|
Batting: RHB Jesus Alfaro
|
0-0: Ball 1-0: Ball 2-0: SINGLE (Groundball, 34D, EV 105.6 MPH) Darrell Evans to third Jim Anderson to second Runner from 3rd tries for Home, SAFE, throw by RF to home
|
|
Pitching: LHP Jack W O'Connor
|
|
|
Now at 1B: Chris Chambliss
|
|
|
Batting: RHB Tracy Cowger
|
0-0: SINGLE (Line Drive, 8RS, EV 98.1 MPH) Jim Anderson to third Jesus Alfaro to second Runner from 3rd tries for Home, SAFE, throw by CF to home
|
|
Batting: RHB Ramon Borrero
|
0-0: Swinging Strike 0-1: Called Strike 0-2: Ball 1-2: SINGLE (Groundball, 6M, EV 85.0 MPH) (infield hit) Jesus Alfaro to third Tracy Cowger to second
|
|
Batting: LHB Doug Rau
|
0-0: Called Strike 0-1: Swinging Strike 0-2: Ball 1-2: SINGLE (Flyball, 7LS, EV 90.0 MPH) Jesus Alfaro scores Tracy Cowger to third Ramon Borrero to second Runner from 3rd tries for Home, SAFE, throw by LF to home
|
|
Batting: RHB Gary Matthews
|
0-0: Called Strike 0-1: Ball 1-1: 3-RUN HOME RUN (Line Drive, 7D, EV 102.5 MPH), Distance : 393 ft
|
|
Pitching: RHP Luis Gutierrez
|
|
|
Batting: LHB Joseph Talley
|
0-0: Foul Ball, location: 2F 0-1: Foul Ball, location: 2F 0-2: Ball 1-2: Ground out U3 (Groundball, 34S, EV 89.4 MPH)
|
|
Batting: LHB Mike Easler
|
0-0: Ball 1-0: Called Strike 1-1: Ball 2-1: Foul Ball, location: 2F 2-2: Ball 3-2: Base on Balls
|
|
Batting: LHB Darrell Evans
|
0-0: Ball 1-0: Foul Ball, location: 2F 1-1: 2-RUN HOME RUN (Flyball, 78XD, EV 98.1 MPH), Distance : 445 ft
|
|
Batting: RHB Jim Anderson
|
0-0: Swinging Strike 0-1: Ball 1-1: Swinging Strike 1-2: Ball 2-2: Strikes out looking
|
|
Batting: RHB Jesus Alfaro
|
0-0: Ball 1-0: Swinging Strike 1-1: Swinging Strike 1-2: Strikes out swinging
|
| Bottom of the 6th over - 9 runs, 7 hits, 0 errors, 0 left on base; San Diego 3 - Cincinnati 12 |
| TOP OF THE 7TH |
|
San Diego Padres batting - Pitching for Cincinnati Reds : LHP Doug Rau
|
|
Batting: RHB Nicky Richards
|
0-0: Ball 1-0: Foul Ball, location: 2F 1-1: Fly out, F9 (Flyball, 9LS, EV 85.6 MPH)
|
|
Batting: RHB Mike Calise
|
0-0: Foul Ball, location: 2F 0-1: Ball 1-1: Ball 2-1: Fly out, F8 (Flyball, 78D, EV 92.5 MPH)
|
|
Batting: LHB Jeffrey Zitek
|
0-0: DOUBLE (Flyball, 7LD, EV 106.9 MPH)
|
|
Batting: LHB Chris Chambliss
|
0-0: Fly out, F8 (Flyball, 8LM, EV 86.9 MPH)
|
| Top of the 7th over - 0 runs, 1 hit, 0 errors, 1 left on base; San Diego 3 - Cincinnati 12 |
| BOTTOM OF THE 7TH |
|
Cincinnati Reds batting - Pitching for San Diego Padres : RHP Luis Gutierrez
|
|
Batting: RHB Tracy Cowger
|
0-0: Reached on error, E5 (Groundball, 56, EV 99.4 MPH)
|
|
Batting: RHB Ramon Borrero
|
0-0: Fielders Choice at 2nd, 4-6 (Groundball, 4MS, EV 88.8 MPH)
|
|
Batting: LHB Doug Rau
|
0-0: Bunted foul 0-1: Bunted foul 0-2: Ball 1-2: Ball 2-2: Bunted foul, Strikeout!
|
|
Batting: RHB Gary Matthews
|
0-0: Ball 1-0: Ball 2-0: Ball 3-0: Called Strike 3-1: Called Strike 3-2: SINGLE (Flyball, 89S, EV 93.1 MPH) Ramon Borrero to second Ramon Borrero to third
|
|
Batting: LHB Joseph Talley
|
0-0: Called Strike 0-1: Ball 1-1: Ball 2-1: Foul Ball, location: 2F 2-2: Foul Ball, location: 2F 2-2: Strikes out swinging
|
| Bottom of the 7th over - 0 runs, 1 hit, 1 error, 2 left on base; San Diego 3 - Cincinnati 12 |
| TOP OF THE 8TH |
|
San Diego Padres batting - Pitching for Cincinnati Reds : LHP Doug Rau
|
|
Batting: RHB Bob Dernier
|
0-0: Called Strike 0-1: Ground out 4-3 (Groundball, 4MS, EV 73.1 MPH)
|
|
Pinch Hitting: RHB Tommy Curran
|
0-0: Ball 1-0: Swinging Strike 1-1: Ground out 6-3 (Groundball, 6, EV 77.5 MPH)
|
|
Batting: RHB Dennis Dungy
|
0-0: Ball 1-0: Foul Ball, location: 2F 1-1: Fly out, F7 (Flyball, 7, EV 88.1 MPH)
|
| Top of the 8th over - 0 runs, 0 hits, 0 errors, 0 left on base; San Diego 3 - Cincinnati 12 |
| BOTTOM OF THE 8TH |
|
Cincinnati Reds batting - Pitching for San Diego Padres : RHP Luis Gutierrez
|
|
Now in LF: Tommy Curran
|
|
|
Batting: LHB Mike Easler
|
0-0: Ball 1-0: Ball 2-0: Ball 3-0: Foul Ball, location: 2F 3-1: Base on Balls
|
|
Batting: LHB Darrell Evans
|
0-0: Called Strike 0-1: Ball 1-1: Called Strike 1-2: Foul Ball, location: 2F 1-2: Ball 2-2: Ball 3-2: Base on Balls Mike Easler to second
|
|
Pitching: LHP Ed Vande Berg
|
|
|
Batting: RHB Jim Anderson
|
0-0: Called Strike 0-1: Ground out 4-3 (Groundball, 4MS, EV 70.0 MPH) Mike Easler to third Darrell Evans to second
|
|
Batting: RHB Jesus Alfaro
|
0-0: Foul Ball, location: 2F 0-1: Ball 1-1: SINGLE (Line Drive, 7S, EV 104.4 MPH) Mike Easler scores Darrell Evans to third Runner from 3rd tries for Home, SAFE, throw by LF to home
|
|
Batting: RHB Tracy Cowger
|
0-0: Ball 1-0: Ball 2-0: Reached on error, E6 (Groundball, 6, EV 88.1 MPH) Jesus Alfaro to second
|
|
Batting: RHB Ramon Borrero
|
0-0: Called Strike 0-1: Fielders Choice at 2nd, 5-4 (Groundball, 56, EV 100.0 MPH) Jesus Alfaro to third
|
|
Batting: LHB Doug Rau
|
0-0: Foul Ball, location: 2F 0-1: Foul Ball, location: 2F 0-2: Strikes out swinging
|
| Bottom of the 8th over - 2 runs, 1 hit, 1 error, 2 left on base; San Diego 3 - Cincinnati 14 |
| TOP OF THE 9TH |
|
San Diego Padres batting - Pitching for Cincinnati Reds : LHP Doug Rau
|
|
Pinch Hitting: RHB Kelvin Moore
|
0-0: Ball 1-0: Ball 2-0: Ground out 5-3 (Groundball, 5, EV 101.3 MPH)
|
|
Batting: LHB Tom Dunbar
|
0-0: Ball 1-0: Foul Ball, location: 2F 1-1: Called Strike 1-2: Ball 2-2: SINGLE (Groundball, 4MD, EV 100.0 MPH)
|
|
Batting: RHB Nicky Richards
|
0-0: Called Strike 0-1: Foul Ball, location: 2F 0-2: Ball 1-2: Ball 2-2: Foul Ball, location: 2F 2-2: Ball 3-2: SINGLE (Groundball, 56D, EV 105.6 MPH) Tom Dunbar to second
|
|
Batting: RHB Mike Calise
|
0-0: Ball 1-0: Ball 2-0: Fly out, F8 (Flyball, 8LXD, EV 96.3 MPH) Runner from 2nd tags up, SAFE at 3rd, no throw by CF
|
|
Batting: LHB Jeffrey Zitek
|
0-0: Called Strike 0-1: Ball 1-1: Ball 2-1: Ball 3-1: Ground out 4-3 (Groundball, 4, EV 98.1 MPH)
|
| Top of the 9th over - 0 runs, 2 hits, 0 errors, 2 left on base; San Diego 3 - Cincinnati 14 |
|